 Dungeon Crawl Stone Soup version 0.25.1-2-g60ff931df9 (webtiles) character file.

Game seed: 1571392995924788784

1283 pokeman the Thaumaturge (level 8, -1/44 HPs)
             Began as a Deep Elf Wizard on Nov 18, 2020.
             Was a Believer of Vehumet.
             Slain by an orc wizard
             ... wielding a +0 dagger
              (4 damage)
             ... on level 5 of the Dungeon.
             The game lasted 00:15:47 (7657 turns).

pokeman the Thaumaturge (Deep Elf Wizard)           Turns: 7657, Time: 00:15:47

Health: -1/44      AC:  3    Str:  4    XL:     8   Next: 29%
Magic:  0/23       EV: 12    Int: 26    God:    Vehumet [**....]
Gold:   224        SH:  0    Dex: 13    Spells: 13/25 levels left

rFire    . . .     SeeInvis .   x - +4 war axe
rCold    . . .     Gourm    .   (no shield)
rNeg     . . .     Faith    .   o - +0 leather armour
rPois    .         Spirit   +   b - +0 hat
rElec    .         Reflect  .   (no cloak)
rCorr    .         Harm     .   (no gloves)
MR       .....                  (no boots)
Stlth    +.........             w - amulet of guardian spirit (curse)
HPRegen  0.14/turn              (no ring)
MPRegen  0.18/turn              (no ring)

@: confused, very slightly contaminated
A: no striking features
a: Renounce Religion


You were on level 5 of the Dungeon.
You worshipped Vehumet.
Vehumet was pleased with you.
You were not hungry.

You visited 2 branches of the dungeon, and saw 6 of its levels.

You collected 224 gold pieces.

Inventory:

Hand Weapons
 x - a +4 war axe (weapon)
Missiles
 v - 13 bolts
Armour
 b - a +0 hat (worn)
 o - a +0 leather armour (worn)
Jewellery
 w - a cursed amulet of guardian spirit (around neck)
Scrolls
 c - a scroll of magic mapping {unknown}
 e - 6 scrolls of identify {unknown}
 g - 3 scrolls of teleportation {unknown}
 i - a scroll of enchant armour {unknown}
 l - a scroll of noise {unknown}
 n - a scroll of fog {unknown}
 p - a scroll of fear {unknown}
 q - a scroll of remove curse {unknown}
 r - a scroll of enchant weapon {unknown}
Potions
 a - a potion of lignification {unknown}
 f - a potion of mutation {unknown}
 h - 3 potions of cancellation {unknown}
 j - a potion of ambrosia {unknown}
 k - 5 potions of curing {unknown}
 m - 3 potions of haste {unknown}
 t - a potion of stabbing {unknown}
 u - a potion of might {unknown}
Comestibles
 d - 8 rations


   Skills:
 - Level 2.0 Fighting
 + Level 2.4 Armour
 - Level 3.0 Dodging
 - Level 3.0 Stealth
 * Level 9.4 Spellcasting
 + Level 4.9 Conjurations
 - Level 1.1 Summonings
 - Level 1.1 Translocations
 + Level 3.3 Fire Magic
 - Level 1.0 Air Magic
 - Level 2.0 Poison Magic


You had 13 spell levels left.
You knew the following spells:

 Your Spells              Type           Power        Failure   Level  Hunger
a - Magic Dart            Conj           ####         1%          1    None
b - Mephitic Cloud        Conj/Pois/Air  ####....     9%          3    None
c - Call Imp              Summ           ###.....     9%          2    None
d - Blink                 Tloc           N/A          9%          2    None
e - Conjure Flame         Conj/Fire      ####....     4%          3    None
f - Shock                 Conj/Air       ####         2%          1    None

Your spell library contained the following spells:

 Spells                   Type           Power        Failure   Level  Hunger
 Slow                     Hex            ##......     13%         2    None


Dungeon Overview and Level Annotations

Branches:
Dungeon (5/15)             Temple (1/1) D:4

Altars:
Cheibriados
Dithmenos
Elyvilon
Hepliaklqana
Kikubaaqudgha
Makhleb
Trog
Vehumet
Wu Jian


Message History

The stinking cloud engulfs you but does no damage.
You are engulfed in noxious fumes.
You choke on the stench!
You are confused.
* * * LOW HITPOINT WARNING * * *
The orc wizard hits the orc priest but does no damage.
The orc priest barely misses the orc priest.
Unknown command.
Unknown command.
You completely miss something.
You are engulfed in noxious fumes.
You choke on the stench!
You are more confused.
* * * LOW HITPOINT WARNING * * *
The orc wizard barely misses the orc priest.
Something hits you but does no damage.
Unknown command.
You bump into the rock wall.
You are engulfed in noxious fumes.
You choke on the stench!
You are more confused.
Something hits you.
You die...

.....................
.#.<.####.#.####.#.#
#.###
#...####o..##... #.
###....o........ #.
######o#####. #. #.#
#. #°# .. #°# #. #@#
#........ ###..####
..# ..# ..# .# .#


You could see 2 orc priests and an orc wizard (fast, confused).

Vanquished Creatures
  An ice beast (D:4)
  2 ogres (D:4)
  5 big kobolds (D:5)
  A scorpion (D:4)
  The ghost of 11aden11 the Chopper, a weakling TeBe of Trog (D:3)
  3 hounds (D:4)
  A centaur skeleton (D:4)
  An iguana (D:4)
  6 worker ants
  3 orc wizards
  A hound skeleton (D:3)
  3 gnolls (D:5)
  6 adders
  A shadow imp (D:5)
  An ooze (D:4)
  3 worms (D:2)
  A dart slug (D:2)
  A leopard gecko (D:2)
  13 orcs
  6 bats
  18 giant cockroaches
  9 goblins
  5 hobgoblins
  5 jackals
  5 quokkas
  3 ball pythons
  5 frilled lizards
  A jackal skeleton (D:3)
  44 kobolds
  A leopard gecko skeleton (D:4)
  7 rats
163 creatures vanquished.

Vanquished Creatures (collateral kills)
  A goblin (D:3)
  A rat (D:3)
2 creatures vanquished.

Grand Total: 165 creatures vanquished

Notes
Turn   | Place    | Note
-------+----------+-------------------------------------------
     0 | D:1      | pokeman the Deep Elf Wizard began the quest for the Orb.
     0 | D:1      | Reached XP level 1. HP: 10/10 MP: 7/7
   483 | D:1      | Reached XP level 2. HP: 15/15 MP: 4/9
  1106 | D:2      | Reached skill level 5 in Spellcasting
  1428 | D:2      | Reached XP level 3. HP: 20/20 MP: 9/11
  1433 | D:2      | Learned a level 3 spell: Mephitic Cloud
  1436 | D:2      | Learned a level 2 spell: Call Imp
  1439 | D:2      | Learned a level 2 spell: Blink
  1443 | D:2      | Learned a level 3 spell: Conjure Flame
  1891 | D:2      | Reached skill level 1 in Fighting
  1899 | D:2      | Reached skill level 1 in Armour
  2219 | D:2      | Reached XP level 4. HP: 17/25 MP: 0/13
  2588 | D:2      | Reached skill level 1 in Fire Magic
  3503 | D:3      | Found a runed translucent gate.
  3503 | D:3      | Found a runed translucent gate.
  3505 | D:3      | Found a runed translucent gate.
  3508 | D:3      | Noticed 11aden11's ghost (weakling TeBe)
  3520 | D:3      | HP: 1/25 [11aden11's ghost (11)]
  3775 | D:3      | Reached skill level 6 in Spellcasting
  3775 | D:3      | Reached XP level 5. HP: 25/29 MP: 9/15
  4356 | D:2      | Reached skill level 1 in Air Magic
  4563 | D:3      | Found a faded altar of an unknown god.
  4598 | D:3      | Killed 11aden11's ghost
  5136 | D:4      | Found a staircase to the Ecumenical Temple.
  5151 | Temple   | Entered the Ecumenical Temple
  5160 | Temple   | Became a worshipper of Vehumet
  5227 | D:4      | Noticed an ice beast
  5244 | D:4      | Killed an ice beast
  5244 | D:4      | Reached skill level 1 in Poison Magic
  5244 | D:4      | Reached XP level 6. HP: 34/34 MP: 6/17
  5371 | D:4      | Reached skill level 7 in Spellcasting
  5776 | D:4      | Reached XP level 7. HP: 28/39 MP: 15/20
  6300 | D:4      | Reached skill level 8 in Spellcasting
  6487 | D:4      | Found a shadowy altar of Dithmenos.
  6627 | D:4      | Reached * piety under Vehumet
  6627 | D:4      | Offered knowledge of Freeze by Vehumet.
  6739 | D:4      | Found a white marble altar of Elyvilon.
  6764 | D:5      | Entered Level 5 of the Dungeon
  6992 | D:5      | Reached XP level 8. HP: 15/44 MP: 8/22
  7228 | D:5      | Reached ** piety under Vehumet
  7228 | D:5      | Offered knowledge of Shock by Vehumet.
  7233 | D:5      | Learned a level 1 spell: Shock
  7359 | D:5      | Reached skill level 9 in Spellcasting
  7657 | D:5      | Slain by an orc wizard

Illustrated notes

Levels and vault maps discovered:
D:1:      ncdulo_wetmaze, layout_loops_corners, hangedman_decor_slide_cut
D:2:      minmay_roachtagon, layout_loops_ring, minmay_crystal_room,
          hangedman_decor_clover_reticule
D:3:      layout_basic, chequers_ecumenical_altar_simple,
          gammafunk_ghost_necromancy
D:4:      minmay_clustersquares, layout_cave_pools,
          grunt_dithmenos_smoke_and_mirrors, kennysheep_mini_moat,
          minmay_temple_entry_slanted, minmay_misc_feat_enclosed
D:5:      minmay_goblin_kobold_castle, layout_loops_ring,
          okawaru_ov_weapons_minmay, first_ration, serial_shops,
          nicolae_shop_behind_doors
Temple:   eino_temple_rhombus

Skill      XL: |  1  2  3  4  5  6  7  8 |
---------------+-------------------------+-----
Spellcasting   | 5 6 7 8 9 |  9.4
Fighting       | 1 2 |  2.0
Armour         | 1 2 |  2.4
Conjurations   | 2 3 4 |  4.9
Fire Magic     | 1 2 3 |  3.3
Dodging        | 3 |  3.0
Stealth        | 3 |  3.0
Air Magic      | 1 |  1.0
Poison Magic   | 1 2 |  2.0
Summonings     | |  1.1
Translocations | |  1.1

Action                   |  1- 3 |  4- 6 |  7- 9 || total
-------------------------+-------+-------+-------++-------
Melee: Unarmed           |       |    12 |     1 ||    13
       War axe           |       |       |    37 ||    37
 Cast: Magic Dart        |   100 |   190 |    96 ||   386
       Mephitic Cloud    |     1 |     5 |    10 ||    16
       Conjure Flame     |       |     5 |     1 ||     6
       Blink             |       |     1 |       ||     1
       Call Imp          |       |     1 |       ||     1
       Shock             |       |       |    30 ||    30
 Stab: Confused          |       |       |     3 ||     3
  Eat: Chunk             |     4 |    11 |     3 ||    18
       Ration            |       |       |     1 ||     1
Armor: Robe              |     4 |     1 |       ||     5
       Leather armour    |       |    24 |    13 ||    37
Dodge: Dodged            |    13 |    69 |    34 ||   116
